 Dungeon Crawl Stone Soup version bcrawl-1.20.1 (webtiles) character file.

Game seed: 17680232807144607760

56 Freyura the Skirmisher (level 3, -2/29 HPs)
             Began as a Demonspawn Abyssal Knight on Jan 25, 2020.
             Was a Follower of Lugonu.
             Slain by Terence
             ... wielding a +0 hand axe
              (7 damage)
             ... on level 2 of the Dungeon.
             The game lasted 00:02:54 (1922 turns).

Freyura the Skirmisher (Demonspawn Abyssal Knight)  Turns: 1922, Time: 00:02:55

Health: -2/29      AC:  3    Str: 12    XL:     3   Next: 69%
Magic:  5/5        EV: 11    Int: 13    God:    Lugonu [*.....]
Gold:   57         SH:  0    Dex: 13    Spells: 2/2 levels left

rFire    . . .     SeeInvis .   a - +1 mace
rCold    . . .     Gourm    .   (no shield)
rNeg     . . .     Faith    .   b - +0 leather armour
rPois    .         Spirit   .   (no helmet)
rElec    .         Reflect  .   (no cloak)
rCorr    .         Harm     .   (no gloves)
MR       .....                  (no boots)
Stlth    +.........             (no amulet)
HPRegen  0.09/turn              (no ring)
MPRegen  0.09/turn              (no ring)

@: very slightly contaminated, invisible
A: claws 1
a: Depart the Abyss, Bend Space, Renounce Religion


You were on level 2 of the Dungeon.
You worshipped Lugonu.
Lugonu was aware of your devotion.
You were not hungry.

You visited 1 branch of the dungeon, and saw 2 of its levels.
You visited the Abyss 1 time.

You collected 57 gold pieces.

Inventory:

Hand Weapons
 a - a +1 mace (weapon)
Missiles
 c - 10 tomahawks of dispersal (quivered)
 d - 46 stones
Armour
 b - a +0 leather armour (worn)
 i - a +0 chain mail
Scrolls
 g - 2 scrolls of remove curse {unknown}
 j - a scroll of blinking {unknown}
 k - 3 scrolls of identify {unknown}
Potions
 h - a potion of resistance {unknown}
 l - a potion of flight {unknown}
 m - a potion of degeneration {unknown}
Comestibles
 e - 2 rations {!d}


   Skills:
 + Level 3.3 Fighting
 * Level 2.5 Maces & Flails
 - Level 0.8 Throwing
 + Level 2.2 Armour
 + Level 1.4 Dodging
 + Level 3.2 Invocations


You had 2 spell levels left.
You didn't know any spells.
Your spell library was empty.

Dungeon Overview and Level Annotations

Branches:
Dungeon (2/12)

Altars:
Elyvilon

Annotations:
D:2 Terence


Innate Abilities, Weirdness & Mutations

You have sharp fingernails.


Message History

Terence hits you but does no damage.
You hit Terence but do no damage.
Terence is almost dead.
Terence bares his teeth.
Terence misses you.
You completely miss Terence.
Terence is almost dead.
Terence shouts, "ATTACK!!!"
Terence closely misses you.
You barely miss Terence.
Terence is almost dead.
Terence hits you with a +0 hand axe.
* * * LOW HITPOINT WARNING * * *
You barely miss Terence.
Terence is almost dead.
Terence misses you.
You barely miss Terence.
Terence is almost dead.
Terence hits you with a +0 hand axe!
You die...

########### ...#......#
...'......########
...#.............#
..####+##........# #.
######.##........# ...
#.......+........# ....
+.....###.......@# .....
##..........####@#......
................gr......
#..........#.#.#.#.#.#..
#.....###+...........
..†..........⌠.....⌠...
#.#...>........._.......
..####.......⌠.....⌠....
### ..................


You could see Terence, a goblin and a rat.

Vanquished Creatures
  A gnoll (D:1)
  4 leopard geckos (D:1)
  2 giant cockroaches (D:1)
  7 goblins
  2 hobgoblins
  3 jackals (D:2)
  2 quokkas
  A ball python (D:1)
  6 bats (D:1)
  2 frilled lizards (D:1)
  3 kobolds (D:1)
  9 rats
42 creatures vanquished.

Notes
Turn   | Place    | Note
-------+----------+-------------------------------------------
     0 | Abyss:1  | Freyura the Demonspawn Abyssal Knight began the quest for
                  | the Orb.
     0 | Abyss:1  | Reached XP level 1. HP: 18/18 MP: 2/2
    71 | Abyss:1  | Noticed a rakshasa
    72 | D:1      | Escaped the Abyss
   215 | D:1      | Reached skill level 1 in Dodging
   642 | D:1      | Gained mutation: You have sharp fingernails. [demonic
                  | ancestry]
   642 | D:1      | Reached XP level 2. HP: 24/24 MP: 4/4
   784 | D:1      | Reached * piety under Lugonu
  1094 | D:1      | Reached XP level 3. HP: 29/29 MP: 5/5
  1883 | D:2      | Found a white marble altar of Elyvilon.
  1885 | D:2      | Noticed Terence
  1922 | D:2      | Slain by Terence

Skill      XL: |  1  2 |
---------------+-------+-----
Dodging        | 1 |  1.4
Maces & Flails | 2 |  2.5
Armour         | 2 |  2.2
Invocations    | 3 |  3.2
Fighting       | |  3.3
Throwing       | |  0.8

Action                   || total
-------------------------++-------
Melee: Mace              ||   160
Invok: Depart the Abyss  ||     1
  Use: Potion            ||     1
 Stab: Invisible         ||     1
       Sleeping          ||     1
  Eat: Chunk             ||     3
Armor: Leather armour    ||    48
Dodge: Dodged            ||   110
